[Event "*** Titled Tuesday 3|2 Blitz (Late)"]
[Site "Chess.com"]
[Date "2016.12.06"]
[Round "5"]
[White "viditchess"]
[Black "ShimanovAlex"]
[Result "1/2-1/2"]
[WhiteElo "2611"]
[BlackElo "2664"]
[TimeControl "180+2"]
[EndTime "17:58:44 PST"]
[Termination "Game drawn by repetition"]

1. d4 Nf6 2. Nf3 d5 3. c4 c6 4. e3 Bf5 5. Nc3 e6 6. Nh4 Be4 7. f3 Bg6 8. Qb3 Qc7 9. Bd2 Be7 10.
Nxg6 hxg6 11. O-O-O a6 12. cxd5 cxd5 13. Kb1 Nc6 14. Rc1 Nd7 15. Bd3 Qb6 16. Qd1 Rc8 17.
g4 Qd8 18. h4 Rxh4 19. Rxh4 Bxh4 20. Qh1 g5 21. Ne2 Ne7 22. Rxc8 Qxc8 23. f4 Nf6 24.
Qh3 Ne4 25. Bxe4 dxe4 26. fxg5 Qc4 27. Nc3 Qd3+ 28. Kc1 Bxg5 29. Qh8+ Kd7 30. Qb8 Bxe3 31. Qxb7+ Ke8 32. Qb8+ Kd7 33. Qb7+ Ke8 34. Qb8+ Kd7 35.
Qb7+ 1/2-1/2

[Event "*** Titled Tuesday 3|2 Blitz (Late)"]
[Site "Chess.com"]
[Date "2016.12.06"]
[Round "5"]
[White "Sethu0025"]
[Black "capatl"]
[Result "1-0"]
[WhiteElo "2614"]
[BlackElo "2385"]
[TimeControl "180+2"]
[EndTime "17:58:44 PST"]
[Termination "Sethu0025 won by resignation"]

1. e4 c5 2. Nf3 e6 3. d4 cxd4 4.
Nxd4 a6 5. Bd3 Qc7 6. O-O d6 7.
Qe2 Nf6 8. c4 Nbd7 9. Nc3 Be7 10. f4 O-O 11. Kh1 b6 12. Bd2 Bb7 13. Rae1 Rac8 14.
e5 Ne8 15. Nf3 Bxf3 16. Rxf3 g6 17. Rh3 Rd8 18. exd6 Qxd6 19. Ne4 Qc7 20. Ng5 Bxg5 21. fxg5 Ng7 22. Bc3 e5 23. Qg4 Rfe8 24. Qh4 Nf8 25.
Rhe3 Nf5 26. Bxf5 gxf5 27. Rxe5 Rxe5 28. Bxe5 Qd7 29. Qh6 Ne6 30. Qf6 Kf8 31. Qh8+ Ke7 32. Bf6+ Kd6 33. Bxd8 1-0

[Event "*** Titled Tuesday 3|2 Blitz (Late)"]
[Site "Chess.com"]
[Date "2016.12.06"]
[Round "5"]
[White "chessking2151"]
[Black "Genghis_K"]
[Result "0-1"]
[WhiteElo "2364"]
[BlackElo "2683"]
[TimeControl "180+2"]
[EndTime "17:58:45 PST"]
[Termination "Genghis_K won by resignation"]

1. e4 e5 2. Nf3 Nc6 3. Bb5 Nf6 4. d3 d6 5. c3 Be7 6. O-O O-O 7. h3 Re8 8. Be3 Bf8 9. Qe2 d5 10.
Rd1 Bd7 11. Bg5 h6 12. Bxf6 Qxf6 13. exd5 Nd4 14. cxd4 exd4 15. Qc2 Bxb5 16. Nbd2 Qf5 17. Ne4 Qxd5 18. Qxc7 Rac8 19. Qg3 Re6 20. Qf4 Rc2 21. Rac1 Rec6 22. Rxc2 Rxc2 23. Rd2 Rc1+ 24. Kh2 f5 25. Ng3 Bd6 26. Qxd4 Qxd4 27. Nxd4 Bf4 28. Re2 Bxd3 29. Re8+ Kf7 30. Ra8 a6 31. Ra7 Rc7 32. Kg1 Be5 33. Nf3 Bxb2 34. Nh5 Be4 35. Nd2 Bd5 36. Kh2 Be5+ 37.
f4 Bc3 38. Nf1 Bd4 39. Ra8 Rc2 40. Rd8 Rxg2+ 41. Kh1 Bc6 42. Rxd4 Rd2+ 0-1

[Event "*** Titled Tuesday 3|2 Blitz (Late)"]
[Site "Chess.com"]
[Date "2016.12.06"]
[Round "5"]
[White "LPSupi"]
[Black "Fandorine"]
[Result "1-0"]
[WhiteElo "2602"]
[BlackElo "2600"]
[TimeControl "180+2"]
[EndTime "17:58:52 PST"]
[Termination "LPSupi won by resignation"]

1. d4 Nf6 2. Nf3 g6 3. c4 Bg7 4.
g3 O-O 5. Bg2 d6 6. O-O c5 7. dxc5 dxc5 8. Nc3 Nc6 9. Be3 Be6 10. Bxc5 Qa5 11. Be3 Bxc4 12. Nd4 Ng4 13. Nxc6 bxc6 14. Bf4 Bxc3 15. bxc3 Rfd8 16. Qc2 e5 17. Bg5 f6 18. Bc1 Qa6 19. h3 Bxe2 20. hxg4 Bxg4 21. Bh6 Qc4 22. Rae1 Bf5 23. Be4 Bh3 24. Bxg6 Qg4 25. Bxh7+ Kh8 26. Be4 f5 27. Bg2 e4 28. Qe2 Qxe2 29. Rxe2 Bg4 30. f3 exf3 31. Bxf3 Kh7 32. Bf4 Kg6 33. Re6+ Kf7 34. Rxc6 Bxf3 35. Rxf3 Rd1+ 36. Kg2 Re8 37. Be3 Kg8 38. Bf2 Rd5 39.
Rc5 Rxc5 40. Bxc5 Re5 1-0

[Event "*** Titled Tuesday 3|2 Blitz (Late)"]
[Site "Chess.com"]
[Date "2016.12.06"]
[Round "5"]
[White "jposthuma"]
[Black "Rating-Schmating"]
[Result "1/2-1/2"]
[WhiteElo "2196"]
[BlackElo "2239"]
[TimeControl "180+2"]
[EndTime "17:58:52 PST"]
[Termination "Game drawn - insufficient material"]

1. d4 Nf6 2. c4 e6 3. g3 d5 4. Nf3 c5 5. cxd5 exd5 6. Bg2 cxd4 7. Nxd4 Nc6 8. O-O Bc5 9. Nb3 Bb6 10. Nc3 Be6 11. Bg5 Ne7 12. Bxf6 gxf6 13. Nb5 a6 14. N5d4 Qd7 15. Rc1 Nc6 16. Nc5 Qe7 17. Nxc6 bxc6 18. Na4 Qb7 19. Qb3 Rb8 20. Nxb6 Qxb6 21. Qxb6 Rxb6 22. b3 Ke7 23. Rc5 Rc8 24. Rfc1 Kd6 25.
e4 Rb5 26. Rxb5 axb5 27. exd5 Bxd5 28. Bxd5 Kxd5 29. Kf1 Ra8 30. Rc2 c5 31. Ke2 Kd4 32. Kd2 c4 33. bxc4 bxc4 34. Ke2 Ra3 35. Kd2 f5 36. Ke2 h5 37. Kd2 Rd3+ 38. Ke2 f4 39. gxf4 Rh3 40. a4 Ra3 41. Rd2+ Ke4 42. Rd7 Ra2+ 43.
Kd1 Rxa4 44. Rxf7 c3 45. Re7+ Kd3 46. Re3+ Kd4 47. Rh3 Ra1+ 48. Kc2 Ra2+ 49. Kc1 Rxf2 50. Rxh5 Rxf4 51. Rh8 Kd3 52. Rd8+ Ke3 53. Re8+ Kf3 54. Kc2 Rc4 55. Rh8 Kg4 56. h4 Rc5 57. h5 Rxh5 58. Rxh5 Kxh5 59. Kxc3 1/2-1/2

[Event "*** Titled Tuesday 3|2 Blitz (Late)"]
[Site "Chess.com"]
[Date "2016.12.06"]
[Round "5"]
[White "VitaliyBernadskiy"]
[Black "Bigfish1995"]
[Result "0-1"]
[WhiteElo "2558"]
[BlackElo "2715"]
[TimeControl "180+2"]
[EndTime "17:58:58 PST"]
[Termination "Bigfish1995 won by resignation"]

1. d4 Nf6 2. c4 g6 3. Nc3 d5 4.
Nf3 Bg7 5. h4 dxc4 6. e4 c5 7.
d5 b5 8. h5 Nxh5 9. Nxb5 Qa5+ 10. Nc3 Bg4 11. Bd2 Nd7 12. Bxc4 O-O 13. Be2 Qb6 14.
Rb1 e6 15. Ng5 Bxe2 16. Qxe2 Rae8 17. d6 h6 18. g4 Nf4 19. Bxf4 Bxc3+ 20. Bd2 Bxd2+ 21.
Qxd2 hxg5 22. Qxg5 Qb4+ 23. Kf1 Qxe4 24. Qh6 Qxb1+ 25.
Kg2 Qxh1+ 26. Kxh1 Rb8 27. b3 Rb6 28. Qf4 e5 29. Qd2 Re8 30. Qa5 a6 31. Kg2 Re6 32. Kg3 Rexd6 33. Kh4 Kg7 34. Qc3 Rd4 35. a3 Rf6 36. f3 Rff4 37. b4 cxb4 38. axb4 Nf6 39. Qe3 Rxb4 40. Qxe5 Rxf3 0-1

[Event "*** Titled Tuesday 3|2 Blitz (Late)"]
[Site "Chess.com"]
[Date "2016.12.06"]
[Round "5"]
[White "gmshanmeruga"]
[Black "Hikaru"]
[Result "1-0"]
[WhiteElo "2327"]
[BlackElo "2898"]
[TimeControl "180+2"]
[EndTime "17:59:06 PST"]
[Termination "gmshanmeruga won on time"]

1. e4 c5 2. Nf3 d6 3. d4 cxd4 4. c3 Nf6 5. Qxd4 a6 6. Bd3 Nc6 7. Qe3 g6 8. O-O Bg7 9. Nbd2 d5 10. Re1 O-O 11. h3 e5 12. Bc2 Qc7 13. Bb3 Rd8 14. exd5 Nxd5 15. Bxd5 Rxd5 16. Nc4 Rb8 17. Qe4 Rc5 18. Be3 Bf5 19. Qh4 Rd5 20. Bb6 Qd7 21. Ne3 Rb5 22. Rad1 Qe7 23. Qxe7 Nxe7 24. Bc7 Rc8 25.
Bd6 Nc6 26. b4 e4 27. a4 Rb6 28. Bc5 exf3 29. Nxf5 gxf5 30. Bxb6 Bxc3 31. Re3 Nxb4 32. Rxc3 1-0

[Event "*** Titled Tuesday 3|2 Blitz (Late)"]
[Site "Chess.com"]
[Date "2016.12.06"]
[Round "5"]
[White "chesstatour"]
[Black "Peroncio"]
[Result "0-1"]
[WhiteElo "1893"]
[BlackElo "2479"]
[TimeControl "180+2"]
[EndTime "17:59:12 PST"]
[Termination "Peroncio won on time"]

1. c4 Nf6 2. Nc3 e6 3. e4 d5 4. e5 d4 5. exf6 dxc3 6. bxc3 Qxf6 7. d4 c5 8. Nf3 h6 9. Be2 cxd4 10. cxd4 Bb4+ 11.
Bd2 Bxd2+ 12. Qxd2 O-O 13. O-O Rd8 14. Qe3 Nc6 15. Rfd1 b6 16. Ne5 Bb7 17. Bf3 Rac8 18. Nxc6 Bxc6 19. Bxc6 Rxc6 20. Rac1 Rcd6 21. c5 bxc5 22.
Rxc5 Rxd4 23. Rxd4 Qxd4 24. Qxd4 Rxd4 25. Kf1 Ra4 26.
Rc2 Ra3 27. Ke2 g5 28. Kd2 Kg7 29. Kc1 f5 30. Kb2 Ra5 31. Kb3 Kf6 32. a4 f4 33.
Kb4 Re5 34. a5 Rd5 35. f3 Kf5 36. h3 e5 37. Rc7 Rd2 38. Rf7+ Kg6 39. Rxa7 Rxg2 40. Re7 Kf6 41. Rh7 Kg6 42. Re7 Kf6 43.
Rh7 e4 44. fxe4 f3 45. e5+ Kg6 46. Rh8 Kg7 47. Rd8 f2 0-1

[Event "*** Titled Tuesday 3|2 Blitz (Late)"]
[Site "Chess.com"]
[Date "2016.12.06"]
[Round "5"]
[White "ecwinslow"]
[Black "Fh2411"]
[Result "0-1"]
[WhiteElo "2092"]
[BlackElo "2366"]
[TimeControl "180+2"]
[EndTime "17:59:16 PST"]
[Termination "Fh2411 won on time"]

1. e4 e5 2. Nf3 Nc6 3. Bb5 Nf6 4. O-O Nxe4 5. d4 Nd6 6. Bxc6 dxc6 7. dxe5 Nf5 8.
Qxd8+ Kxd8 9. b3 Ke8 10. Bb2 Be6 11. h3 h5 12. Nbd2 Be7 13. Rad1 b6 14. Rfe1 a5 15. a4 Rd8 16. Ne4 h4 17. Bc1 Rxd1 18. Rxd1 Rh5 19. Neg5 Bc8 20. Re1 c5 21. c4 Nd4 22. Nxd4 cxd4 23. Nf3 c5 24. Nd2 Bf5 25. Ne4 Kd7 26. f4 Rh8 27. Kf2 f6 28. exf6 gxf6 29. Kf3 Rg8 30. Bd2 Bg6 31. Nf2 Bc2 32. Ng4 Bxb3 33. Rb1 Bxc4 34. Rxb6 Bd5+ 35. Kf2 c4 0-1

[Event "*** Titled Tuesday 3|2 Blitz (Late)"]
[Site "Chess.com"]
[Date "2016.12.06"]
[Round "5"]
[White "KNVB"]
[Black "DanielNaroditsky"]
[Result "0-1"]
[WhiteElo "2545"]
[BlackElo "2700"]
[TimeControl "180+2"]
[EndTime "17:59:21 PST"]
[Termination "DanielNaroditsky won by resignation"]

1. d4 Nf6 2. c4 d6 3. f3 c5 4. d5 b5 5. cxb5 a6 6. e4 g6 7. Nc3 Bg7 8. a4 O-O 9. Bc4 Nbd7 10.
Nge2 Ne5 11. b3 axb5 12. Bxb5 Ba6 13. Bxa6 Rxa6 14. O-O Qa8 15. Rb1 Rb8 16. Nb5 c4 17.
Be3 Rc8 18. Nec3 cxb3 19. Qxb3 Nc4 20. Bc1 Nd7 21. Kh1 Ndb6 22. h3 h6 23. Rd1 Nxa4 24. Nxa4 Rxa4 25. Bf4 g5 26. Bg3 Ra5 27. Be1 Ra6 28. Nd4 Rb6 29. Qd3 Nb2 30. Rxb2 Rxb2 31. Nf5 Rcc2 32. Rd2 Rxd2 33. Bxd2 Qa1+ 34. Kh2 Be5+ 35. f4 Rxd2 36. Nxh6+ Kf8 0-1

[Event "*** Titled Tuesday 3|2 Blitz (Late)"]
[Site "Chess.com"]
[Date "2016.12.06"]
[Round "5"]
[White "silverback96"]
[Black "SwiftyMcBishop"]
[Result "1-0"]
[WhiteElo "2002"]
[BlackElo "2113"]
[TimeControl "180+2"]
[EndTime "17:59:22 PST"]
[Termination "silverback96 won on time"]

1. Nf3 d5 2. g3 Nf6 3. Bg2 Nbd7 4.
c4 c6 5. d4 dxc4 6. a4 e6 7.
O-O Bb4 8. Nbd2 c3 9. bxc3 Bxc3 10. Ba3 Bxa1 11. Qxa1 c5 12. dxc5 O-O 13. c6 bxc6 14.
Bxf8 Nxf8 15. Nd4 Bb7 16. N2b3 Nd5 17. Nc5 Qe7 18. Rc1 Rc8 19. a5 Ba8 20. a6 Nd7 21. Nxd7 Qxd7 22. Nb3 Qd6 23. Nc5 Rb8 24. Qd4 Rb4 25. Qd2 Qb8 26. Bxd5 exd5 27. h4 Rb2 28. Qe3 Qd8 29. h5 Rb5 30. h6 Qf8 31. Qg5 f6 32.
Qg4 g6 33. Qe6+ Kh8 34. Nd7 Qd8 35. Qf7 1-0

[Event "*** Titled Tuesday 3|2 Blitz (Late)"]
[Site "Chess.com"]
[Date "2016.12.06"]
[Round "5"]
[White "spirals5"]
[Black "visa"]
[Result "1-0"]
[WhiteElo "2291"]
[BlackElo "2146"]
[TimeControl "180+2"]
[EndTime "17:59:34 PST"]
[Termination "spirals5 won on time"]

1. e4 d6 2. d4 Nf6 3. Nc3 Nbd7 4. Nf3 e5 5. d5 c6 6. dxc6 bxc6 7.
Bd3 Be7 8. O-O O-O 9. h3 Rb8 10.
Rb1 Nc5 11. Be3 Qa5 12. a3 Nxd3 13. cxd3 Ba6 14. Re1 Rfe8 15. b4 Qc7 16. Rc1 Qb7 17.
d4 Bd8 18. dxe5 dxe5 19. Bc5 Bb6 20. Bxb6 axb6 21. Qd2 Rbd8 22. Qg5 h6 23. Qh4 Rd3 24. Red1 Qd7 25. Ne1 Rd4 26. Nc2 Rd2 27. Ne3 Rd8 28.
Rxd2 Qxd2 29. Rd1 Qxc3 30. Rxd8+ Kh7 31. Kh2 Qxa3 32. Ng4 Nxe4 33. Nxe5 Qxb4 34. f3 f6 35. Nf7 Bc4 36. Qxe4+ g6 37. Rd7 f5 38. Qe5 1-0

[Event "*** Titled Tuesday 3|2 Blitz (Late)"]
[Site "Chess.com"]
[Date "2016.12.06"]
[Round "5"]
[White "LonesomeGeorge1"]
[Black "stalyansky"]
[Result "0-1"]
[WhiteElo "2174"]
[BlackElo "2138"]
[TimeControl "180+2"]
[EndTime "17:59:43 PST"]
[Termination "stalyansky won on time"]

1. e4 e5 2. Nf3 Nc6 3. Bb5 a6 4.
Ba4 d6 5. O-O Bd7 6. c3 g6 7. d4 Bg7 8. d5 Nce7 9. Bc2 h6 10.
c4 f5 11. Nc3 Nf6 12. exf5 gxf5 13. Nh4 O-O 14. f4 e4 15. Be3 Ng4 16. Bd4 c5 17.
Bxg7 Kxg7 18. g3 Ne3 19. Qd2 Nxf1 20. Rxf1 Ng6 21. Nxg6 Kxg6 22. g4 Qf6 23. Kh1 Rae8 24. Rg1 Kh7 25. Qg2 Rg8 26. Qe2 Qh4 27. b4 cxb4 28.
Nxe4 fxe4 29. Bxe4+ Kh8 30. g5 Qxf4 31. Qb2+ Re5 32.
Bg2 Rxg5 33. Qxb4 Re2 34. Qxb7 Rexg2 35. Qc8+ Bxc8 0-1

[Event "*** Titled Tuesday 3|2 Blitz (Late)"]
[Site "Chess.com"]
[Date "2016.12.06"]
[Round "5"]
[White "HarutyunianTigranK"]
[Black "GeorgMeier"]
[Result "0-1"]
[WhiteElo "2660"]
[BlackElo "2768"]
[TimeControl "180+2"]
[EndTime "17:59:50 PST"]
[Termination "GeorgMeier won by resignation"]

1. c4 Nf6 2. Nc3 c5 3. g3 g6 4. Bg2 Bg7 5. Nf3 O-O 6. d4 cxd4 7.
Nxd4 Nc6 8. O-O Nxd4 9. Qxd4 d6 10. Qd3 Bf5 11. e4 Be6 12. b3 Qd7 13. Rd1 Bg4 14.
f3 Bh3 15. Be3 Bxg2 16. Kxg2 Qc6 17. Rac1 a6 18. Nd5 Nxd5 19. cxd5 Qd7 20. Bd4 Rfc8 21. Bxg7 Kxg7 22. Qd4+ f6 23. Qb6 Rxc1 24. Rxc1 Rc8 25.
Rc4 Kf7 26. Qd4 Rxc4 27. Qxc4 Qd8 28. f4 Qa5 29. b4 Qa3 30. h4 h5 31. Kh3 Qf3 32.
Kh2 Qe3 33. a4 Qf2+ 34. Kh1 Qf3+ 35. Kh2 Qf2+ 36. Kh1 Qxg3 37. e5 Qxh4+ 38. Kg2 fxe5 39. Qc8 Qg4+ 40. Qxg4 hxg4 41. fxe5 dxe5 42. Kg3 e6 43. d6 Ke8 44. Kxg4 Kd7 0-1

[Event "*** Titled Tuesday 3|2 Blitz (Late)"]
[Site "Chess.com"]
[Date "2016.12.06"]
[Round "5"]
[White "GrigorGrigorov"]
[Black "amurdercastle"]
[Result "0-1"]
[WhiteElo "2454"]
[BlackElo "2407"]
[TimeControl "180+2"]
[EndTime "17:59:57 PST"]
[Termination "amurdercastle won by resignation"]

1. d4 d5 2. Nf3 Nf6 3. c4 c6 4. Nbd2 e6 5. g3 c5 6. cxd5 Qxd5 7.
dxc5 Bxc5 8. Bg2 O-O 9. O-O Nc6 10. a3 Be7 11. Qb3 Qh5 12. Qc4 e5 13. b4 Rd8 14. Bb2 a6 15. Rfd1 Be6 16. Qh4 Qxh4 17.
Nxh4 Bd5 18. Nf5 Bf8 19. Ne3 Bxg2 20. Kxg2 b5 21. Rac1 Nd4 22. Bxd4 exd4 23. Nc2 d3 24. exd3 Rxd3 25. Ne4 Rb3 26. Nxf6+ gxf6 27. Nd4 Rxa3 28.
Nf5 Bxb4 29. Rd7 Rc3 30. Rcd1 Bf8 31. Rb7 b4 32. Rdd7 b3 33. Ne3 a5 34. Nd5 Rc6 35.
Rxf7 a4 36. Rxf6 Rc5 37. Rf5 Rxd5 38. Rxd5 a3 39. Rg5+ Kh8 40. Rh5 a2 41. Rbxh7+ Kg8 42. Rb7 a1=Q 43. Rg5+ Bg7 0-1

[Event "*** Titled Tuesday 3|2 Blitz (Late)"]
[Site "Chess.com"]
[Date "2016.12.06"]
[Round "5"]
[White "Paralinch"]
[Black "AlexanderL"]
[Result "1-0"]
[WhiteElo "2666"]
[BlackElo "2583"]
[TimeControl "180+2"]
[EndTime "18:00:13 PST"]
[Termination "Paralinch won by resignation"]

1. e4 e6 2. d4 d5 3. exd5 exd5 4. Nf3 Bd6 5. Bg5 Ne7 6. c4 dxc4 7. Bxc4 O-O 8. O-O Bg4 9. h3 Bh5 10. g4 Bg6 11.
Ne5 Nd7 12. Nxg6 hxg6 13. Nc3 Nb6 14. Bb3 c6 15. Re1 Qd7 16. Ne4 Ned5 17. Qf3 Rfe8 18. Nc5 Qc7 19. Rad1 Rab8 20. a3 Bf4 21. Bh4 g5 22.
Bg3 Rbd8 23. Ne4 Bxg3 24. fxg3 Qe7 25. Kg2 g6 26. Rd2 Kg7 27. Rde2 Qc7 28. Nxg5 Rxe2+ 29. Rxe2 Rd6 30. Qe4 Qd8 31. Qe5+ Kg8 32. h4 f6 33. Qe8+ Qxe8 34. Rxe8+ Kg7 35. Ne4 Rd7 36. Nc5 Rf7 37.
Ne6+ Kh7 38. g5 f5 39. Nf8+ Kg7 40. Ne6+ Kh7 41. Kf3 Re7 42. Rxe7+ Nxe7 43. Nc5 Nbd5 44. Nxb7 Nc7 45. Bc4 Kg7 46. Nc5 Ned5 47. b4 Nb6 48.
Ne6+ Kf7 49. Nxc7+ Nxc4 50. b5 cxb5 51. Nxb5 a6 52.
Nc7 a5 53. Nb5 Ke6 54. Kf4 Nb2 55. g4 fxg4 56. Kxg4 Nd1 57. h5 Ne3+ 58. Kf3 Nf5 59. h6 Kf7 60. d5 1-0

[Event "*** Titled Tuesday 3|2 Blitz (Late)"]
[Site "Chess.com"]
[Date "2016.12.06"]
[Round "5"]
[White "tango_argentino"]
[Black "jcibarra"]
[Result "1-0"]
[WhiteElo "2376"]
[BlackElo "2615"]
[TimeControl "180+2"]
[EndTime "18:00:19 PST"]
[Termination "tango_argentino won on time"]

1. e4 e5 2. Nf3 Nc6 3. Bc4 Bc5 4. O-O Nf6 5. d3 O-O 6. c3 d5 7. exd5 Nxd5 8. a4 a5 9. Nbd2 Nb6 10. Bb5 Bd6 11. Re1 Bg4 12. Ne4 f5 13. Qb3+ Kh8 14. Nxd6 cxd6 15. Ng5 Qc7 16. Ne6 Qf7 17. Bc4 Nxc4 18.
Nxf8 d5 19. Nxh7 Kxh7 20. dxc4 dxc4 21. Qb5 f4 22. f3 Bf5 23. Rd1 Bd3 24. b3 Bc2 25.
Rd6 cxb3 26. Bb2 Re8 27. Re1 Re7 28. c4 Nb4 29. Rxe5 Rxe5 30. Qxe5 Bg6 31. Qg5 Qf5 32. Qh4+ Kg8 33. Qd8+ Kh7 34. Qh4+ Kg8 35. Rd8+ Kf7 36. h3 Qb1+ 37. Kh2 Qxb2 38. Qh8 Bf5 39. Qe8+ Kf6 40. Rd6+ Kg5 41. h4+ Kxh4 42. Rg6 Bxg6 43. Qxg6 1-0

[Event "*** Titled Tuesday 3|2 Blitz (Late)"]
[Site "Chess.com"]
[Date "2016.12.06"]
[Round "5"]
[White "hypert"]
[Black "FearlessKing64"]
[Result "1/2-1/2"]
[WhiteElo "2270"]
[BlackElo "2010"]
[TimeControl "180+2"]
[EndTime "18:00:43 PST"]
[Termination "Game drawn by repetition"]

1. e4 c5 2. Nf3 d6 3. d4 cxd4 4. Nxd4 Nf6 5. Nc3 a6 6. Be2 e5 7. Nb3 Be7 8. O-O Be6 9. Bf3 O-O 10.
a4 Nbd7 11. a5 Rc8 12. Re1 Qc7 13. h3 h6 14. Be3 Qc6 15. Nc1 Rfd8 16. Nd3 d5 17. exd5 Nxd5 18. Nxd5 Bxd5 19. Bxd5 Qxd5 20. c3 f6 21. Qc2 Nc5 22. Nxc5 Bxc5 23. Red1 Qc6 24.
Rxd8+ Rxd8 25. Rd1 Rxd1+ 26. Qxd1 Bxe3 27. fxe3 Kf7 28. Qd3 Ke7 29. b4 Qd6 30. Qg6 Qd1+ 31. Kh2 Kf8 32. Qf5 Qd5 33. Qc8+ Kf7 34. c4 Qe4 35. b5 axb5 36. cxb5 Ke7 37. Qc7+ Ke6 38. Qb6+ Kf5 39. a6 bxa6 40. bxa6 g5 41. a7 g4 42. hxg4+ Kxg4 43. Qe6+ Kg5 44. Qg8+ Kh5 45. Qe8+ Kg5 46. Qg8+ Kh5 47. Kg3 Qxe3+ 48. Kh2 Qxa7 49. Qe6 Qg7 50.
Qh3+ Kg6 51. Qg4+ Kh7 52. Qf5+ Qg6 53. Qd7+ Qg7 54. Qf5+ Kh8 55. Qc8+ Kh7 56. Qf5+ 1/2-1/2

[Event "*** Titled Tuesday 3|2 Blitz (Late)"]
[Site "Chess.com"]
[Date "2016.12.06"]
[Round "5"]
[White "Pierrebl"]
[Black "SPEEDSKATER"]
[Result "0-1"]
[WhiteElo "2430"]
[BlackElo "2344"]
[TimeControl "180+2"]
[EndTime "18:00:48 PST"]
[Termination "SPEEDSKATER won on time"]

1. e4 e6 2. d4 d5 3. Nd2 c5 4.
exd5 Qxd5 5. Ngf3 cxd4 6. Bc4 Qd6 7. O-O Nf6 8. Nb3 Nc6 9. Nbxd4 Nxd4 10. Qxd4 Qxd4 11.
Nxd4 a6 12. Bf4 Bd7 13. Be2 Bc5 14. Nb3 Bb6 15. Bf3 O-O-O 16. c4 Ba4 17. Rfc1 Rhe8 18. Kf1 e5 19. Bg3 Bxb3 20. axb3 Bc5 21. Rd1 Rxd1+ 22. Rxd1 g5 23. h3 Bd4 24. Rd2 h5 25. b4 Rg8 26. c5 g4 27. hxg4 hxg4 28. Be2 Ne4 29. Rc2 Nxg3+ 30. fxg3 f5 31. Bc4 Rh8 32. Ke2 Kc7 33. Be6 Rf8 34. Kd3 Rf6 35. Bd5 Rh6 36. Kc4 Bg1 37. Re2 e4 38. b5 axb5+ 39. Kxb5 e3 40. b4 Bf2 41. Ra2 Kb8 42. Bc4 Bxg3 43. Bd3 Rf6 44. Re2 Bf2 45. Ra2 f4 46.
Be4 f3 47. gxf3 gxf3 48. Bd3 Re6 49. Bc4 Re7 50. Kb6 e2 51. Rd2 Kc8 52. Bd3 Re6+ 53.
Kb5 e1=Q 54. Bf5 Qxd2 55. Bxe6+ Kc7 0-1

[Event "*** Titled Tuesday 3|2 Blitz (Late)"]
[Site "Chess.com"]
[Date "2016.12.06"]
[Round "5"]
[White "Durarbayli"]
[Black "1e41-0"]
[Result "1/2-1/2"]
[WhiteElo "2586"]
[BlackElo "2198"]
[TimeControl "180+2"]
[EndTime "18:01:11 PST"]
[Termination "Game drawn - insufficient material"]

1. e4 c5 2. Nf3 e6 3. d4 cxd4 4.
Nxd4 a6 5. c4 Qc7 6. Nc3 Nf6 7.
Be2 Bb4 8. Qb3 Bxc3+ 9. Qxc3 Nxe4 10. Nb5 axb5 11. Qxg7 Rf8 12. Bh6 Qc5 13. O-O bxc4 14.
Bxc4 Nc6 15. Rac1 Qe7 16. Qxh7 Nf6 17. Bxf8 Nxh7 18. Bxe7 Kxe7 19. a3 d5 20. Bb5 Bd7 21. Rfe1 Rg8 22. f3 Nd4 23. Be2 Ng5 24. Kf2 Rh8 25.
h3 Kd6 26. Bd3 e5 27. Rcd1 Bxh3 28. gxh3 Rxh3 29. Be2 Rh2+ 30. Ke3 Nc2+ 31. Kd3 Nxe1+ 32. Rxe1 Nxf3 33. Bxf3 e4+ 34. Bxe4 dxe4+ 35. Rxe4 Rxb2 36. Kc3 Rb1 37. Rf4 Ke6 38. Kc2 Rb6 39. Re4+ Kd5 40.
Rf4 Rc6+ 41. Kb3 f6 42. Rf1 Ke5 43. Re1+ Kd4 44. Rf1 Re6 45. Kb4 Rb6+ 46. Ka5 Ra6+ 47. Kb4 Rb6+ 48. Ka5 Ra6+ 49. Kb4 Ke5 50. Re1+ Kd6 51.
Rf1 Ke6 52. Re1+ Kf7 53. Rf1 Rb6+ 54. Ka5 Rb3 55. Ka4 Rb2 56. Ka5 Re2 57. Rb1 Re7 58.
Rf1 Re3 59. a4 Re4 60. Rb1 Re7 61. Rf1 Rd7 62. Kb6 Rd4 63. a5 Rb4+ 64. Kc5 Rb2 65. Kc4 Re2 66. Kc5 Re5+ 67. Kb6 Re7 68. Ka7 Kg6 69.
Rg1+ Kf5 70. Rb1 Kg6 71. Rxb7 Re5 72. a6 f5 73. Kb6 Re1 74. a7 Rb1+ 75. Kc6 Rc1+ 76.
Kd6 Ra1 77. Kc7 f4 78. Kb8 Kf5 79. Rb5+ Kg4 80. Kb7 f3 81. a8=Q Rxa8 82. Kxa8 f2 83. Rb1 Kf3 84. Rf1 Kg2 85. Rxf2+ Kxf2 1/2-1/2

[Event "*** Titled Tuesday 3|2 Blitz (Late)"]
[Site "Chess.com"]
[Date "2016.12.06"]
[Round "5"]
[White "FranklinAPalomo"]
[Black "Noukii"]
[Result "0-1"]
[WhiteElo "2397"]
[BlackElo "2645"]
[TimeControl "180+2"]
[EndTime "18:01:14 PST"]
[Termination "Noukii won by resignation"]

1. Nf3 Nf6 2. c4 c6 3. Qc2 d5 4. e3 g6 5. b3 Bg7 6. Bb2 O-O 7. d3 a5 8. Nbd2 a4 9. Be2 Bf5 10. Nd4 Bd7 11. N4f3 Na6 12. O-O Re8 13. Bc3 axb3 14. axb3 Qb6 15. Qb2 Nb4 16. Bd4 c5 17. Be5 Rxa1 18.
Rxa1 Nc6 19. Ra2 Nxe5 20. Qxe5 Bc6 21. Qc3 Ne4 22. Qa5 Qxa5 23. Rxa5 Bc3 24. Ra2 Nf6 25. h3 e5 26. Nb1 Bb4 27. Nfd2 d4 28. e4 Nd7 29.
Kf1 f5 30. Bf3 f4 31. Ke2 h5 32. Kd1 Nf6 33. Kc2 g5 34. Bd1 g4 35. hxg4 hxg4 36. g3 Kg7 37. Na3 Ra8 38. Ndb1 f3 39. Kb2 Bxe4 40.
dxe4 Nxe4 41. Kc1 Nd6 42. Kb2 e4 43. Nc2 Rxa2+ 44. Kxa2 Kf6 45. Nxb4 cxb4 46. Kb2 Ke5 47. Kc2 d3+ 48. Kd2 Kd4 49. Ke1 Nf5 50. Nd2 e3 51. fxe3+ Nxe3 52. Bxf3 gxf3 53. Nxf3+ Kc3 54. Kf2 d2 55. Nxd2 Kxd2 56. Kf3 Kd3 57. Kf4 Kd4 58. Kf3 Nxc4 59. bxc4 0-1

[Event "*** Titled Tuesday 3|2 Blitz (Late)"]
[Site "Chess.com"]
[Date "2016.12.06"]
[Round "5"]
[White "CemilCan"]
[Black "Viaje"]
[Result "0-1"]
[WhiteElo "2479"]
[BlackElo "2280"]
[TimeControl "180+2"]
[EndTime "18:01:14 PST"]
[Termination "Viaje won on time"]

1. e4 c5 2. Nf3 d6 3. Bb5+ Bd7 4.
Bxd7+ Qxd7 5. c4 Nf6 6. Nc3 g6 7. O-O Bg7 8. d4 cxd4 9. Nxd4 O-O 10. f3 Rc8 11. b3 d5 12. exd5 Nxd5 13. Nxd5 e6 14. Bh6 exd5 15. Bxg7 Kxg7 16. cxd5 Qxd5 17. Ne2 Qc5+ 18. Kh1 Nc6 19. Rc1 Qe7 20. Ng3 Rd8 21. Qc2 Rac8 22. Qc3+ Qf6 23. Qe3 Qe5 24. Qf2 Qa5 25.
Ne4 Qe5 26. Rfe1 Qd4 27. Qg3 Qe5 28. Qh4 h6 29. Nc5 Qc7 30. b4 Qb6 31. a3 Nd4 32.
Qg3 Nf5 33. Qe5+ Kg8 34. Ne4 Rxc1 35. Rxc1 Qd4 36. Qxd4 Rxd4 37. Kg1 Rd3 38. Rc7 Rxa3 39. Rxb7 Ra2 40. Nc3 Rc2 41. Nd5 Nh4 42. Rxa7 Rxg2+ 43. Kf1 Rb2 44. Ra3 Nf5 45. Ke1 Nd4 46. Kd1 Rxh2 47. f4 h5 48. Ke1 h4 49. Kf1 Rb2 50. Rd3 Nc6 51. f5 g5 52. f6 Nxb4 53. Ne7+ Kh7 54. Rd8 Rb3 55. Kg2 Nd3 56. Rg8 Ne5 57. Rg7+ Kh6 58. Nf5+ Kh5 59. Nd6 h3+ 60. Kh1 Kh4 61. Rh7+ Kg4 62. Rg7 Nf3 0-1

[Event "*** Titled Tuesday 3|2 Blitz (Late)"]
[Site "Chess.com"]
[Date "2016.12.06"]
[Round "5"]
[White "Astaneh"]
[Black "oskariot"]
[Result "0-1"]
[WhiteElo "2450"]
[BlackElo "2406"]
[TimeControl "180+2"]
[EndTime "18:01:35 PST"]
[Termination "oskariot won by resignation"]

1. d4 d6 2. Nf3 g6 3. e4 Bg7 4.
Nc3 Nf6 5. h3 c6 6. a4 O-O 7. Bd3 Nbd7 8. e5 Ne8 9. Qe2 dxe5 10. dxe5 Nc5 11. Bc4 Be6 12. O-O Qa5 13. Nd4 Nc7 14. Bd2 Bxc4 15. Qxc4 N5e6 16. Nf3 Rfd8 17. b4 b5 18. axb5 cxb5 19. Qe4 Qb6 20. Be3 Qb8 21.
Rfd1 a6 22. Qc6 Rxd1+ 23. Rxd1 Qe8 24. Qe4 Rc8 25. Ne2 Rd8 26. Ra1 Qd7 27. Ned4 Qd5 28.
Qxd5 Rxd5 29. Nxe6 Nxe6 30. Rxa6 Bxe5 31. Nxe5 Rxe5 32.
Rc6 f5 33. Kf1 f4 34. Bd2 Nd4 35.
Rc8+ Kf7 36. Bc3 Rd5 37. Bxd4 Rxd4 38. c3 Rd2 39. Rc5 Rc2 40. Rxb5 Rxc3 41. Ke2 Rb3 42. Rb8 e5 43. Rb7+ Kf6 44. f3 Rb2+ 45. Kf1 h5 46. h4 g5 47. Rb6+ Kf5 48. Rh6 gxh4 49. Rxh5+ Kf6 50. Rh6+ Kf5 51. Rb6 Rb1+ 52. Kf2 Rb2+ 53.
Kg1 Kg5 54. Rb8 h3 55. gxh3 Kh4 56. b5 Kg3 57. Rg8+ Kxf3 58. Rb8 e4 59. b6 e3 60. b7 e2 61. Re8 Rxb7 0-1